 Dungeon Crawl Stone Soup version 0.22-a0-587-g7d32d7c (webtiles) character file.

614669 Lianjan the Sharpshooter (level 27, -15/274 (280) HPs)
             Began as a Gnoll Wizard on July 4, 2018.
             Was the Champion of Cheibriados.
             Demolished by a jiangshi (17 damage)
             ... summoned by a greater mummy
             ... while paralysed by a chaos spawn
             ... on level 1 of the Tomb of the Ancients.
             The game lasted 05:13:02 (82200 turns).

Lianjan the Sharpshooter (Gnoll Wizard)            Turns: 82200, Time: 05:13:02

HP:   -15/274 (280) AC: 40    Str: 28    XL:     27
MP:   19/45         EV:  2    Int: 50    God:    Cheibriados [******]
Gold: 1876          SH:  0    Dex: 30    Spells: 9/63 levels left

rFire    . . .     SeeInvis +   b - +3 hand crossbow "Omoasoih" {elec, +Fly rN+ MR++}
rCold    . . .     Gourm    .   o - +0 shield {reflect}
rNeg     + + +     Faith    .   (armour currently unavailable)
rPois    ∞         Spirit   .   Y - +1 helmet {Int+3}
rElec    +         Reflect  +   H - +2 cloak {MR+}
rCorr    .         Harm     .   (gloves currently unavailable)
MR       +++++                  (boots currently unavailable)
Stlth    ++++++++..             I - amulet of Gaczut {*Contam +Fly Regen+ Str+3 SInv}
HPRegen  0.95/turn              y - ring of Fousk {+Blink MR+}
MPRegen  0.29/turn              E - ring of positive energy

@: paralysed, statue-form, studying 2 skills, very slow
A: distributed training, fangs 1, strong nose
}: 3/15 runes: decaying, silver, gossamer
a: End Transformation, Bend Time, Temporal Distortion, Slouch, Step From Time,
Renounce Religion, Evoke Blink, Evoke Flight


You were on level 1 of the Tomb of the Ancients.
You worshipped Cheibriados.
Cheibriados was exalted by your worship.
You were not hungry.
You were a stone statue.
You visited 10 branches of the dungeon, and saw 49 of its levels.
You visited 2 bazaars.
You also visited: Labyrinth, Ossuary, Bailey and Wizlab.

You collected 7551 gold pieces.
You spent 5675 gold pieces at shops.

Inventory:

Hand Weapons
 a - a +2 demon trident of venom
 b - the +3 hand crossbow "Omoasoih" (weapon) {elec, +Fly rN+ MR++}
   (You took it off a vault guard on level 5 of the Vaults)

   It charges the ammunition it shoots with electricity; occasionally upon a
   hit, such missiles may discharge and cause terrible harm.
   It protects you from negative energy.
   It affects your resistance to hostile enchantments.
   It lets you fly.
Missiles
 p - 2403 bolts (quivered)
 U - a throwing net
Armour
 o - a +0 shield of reflection (worn)
 t - +6 gold dragon scales (melded)
 x - a +0 pair of boots of flying (melded)
 H - a +2 cloak of magic resistance (worn)
 V - a +2 pair of gloves (melded)
 Y - a +1 helmet of intelligence (worn)
Jewellery
 y - the ring of Fousk (left hand) {+Blink MR+}
   (You found it on level 3 of the Spider Nest)

   [ring of protection from magic]

   It affects your resistance to hostile enchantments.
   It lets you blink.
 E - a ring of positive energy (right hand)
 I - the amulet of Gaczut (around neck) {*Contam +Fly Regen+ Str+3 SInv}
   (You found it on level 1 of the Swamp)

   [amulet of regeneration]

   It affects your strength (+3).
   It lets you see invisible.
   It lets you fly.
   It causes magical contamination when unequipped.
   It increases your rate of regeneration.
 M - an uncursed ring of resist corrosion
 R - an uncursed ring of wizardry
Wands
 i - a wand of paralysis (90)
 q - a wand of digging (42)
 w - a wand of scattershot (9)
 z - a wand of acid (46)
 G - a wand of clouds (4)
 N - a wand of iceblast (8)
 W - a wand of disintegration (16)
Scrolls
 c - 6 scrolls of summoning
 j - 25 scrolls of teleportation
 B - 17 scrolls of identify
 D - 11 scrolls of fog
 K - 11 scrolls of immolation
 L - 14 scrolls of fear
 O - 8 scrolls of blinking
 Q - 7 scrolls of magic mapping
 S - a scroll of enchant weapon
Potions
 f - 9 potions of heal wounds
 g - 30 potions of curing
 h - 5 potions of magic
 l - 6 potions of might
 m - 13 potions of lignification
 n - 2 potions of agility
 s - 5 potions of brilliance
 u - 3 potions of invisibility
 C - a potion of ambrosia
 F - 4 potions of cancellation
 P - 4 potions of resistance
Books
 e - a manual of Shields
 A - a manual of Crossbows
Miscellaneous
 k - a lamp of fire
 r - a lightning rod (4/4)
 v - a phial of floods
 J - 6 sacks of spiders
 T - a phantom mirror
 X - 4 boxes of beasts
 Z - a fan of gales
Comestibles
 d - 84 rations


   Skills:
 + Level 17.7 Fighting
 + Level 17.7 Short Blades
 + Level 17.7 Long Blades
 + Level 17.7 Axes
 + Level 17.7 Maces & Flails
 + Level 17.7 Polearms
 + Level 17.7 Staves
 + Level 17.7 Slings
 + Level 17.7 Bows
 + Level 20.8 Crossbows
 + Level 17.7 Throwing
 + Level 17.7 Armour
 + Level 18.1 Dodging
 + Level 18.1 Stealth
 + Level 19.3 Shields
 + Level 17.7 Unarmed Combat
 + Level 18.7 Spellcasting
 + Level 15.4 Conjurations
 + Level 15.3 Hexes
 + Level 15.3 Charms
 + Level 15.4 Summonings
 + Level 15.3 Necromancy
 + Level 15.4 Translocations
 + Level 15.3 Transmutations
 + Level 15.3 Fire Magic
 + Level 15.3 Ice Magic
 + Level 15.3 Air Magic
 + Level 15.3 Earth Magic
 + Level 15.3 Poison Magic
 + Level 19.1 Invocations
 + Level 17.7 Evocations


You had 9 spell levels left.
You knew the following spells:

 Your Spells              Type           Power        Failure   Level  Hunger
a - Ring of Flames        Chrm/Fire      ########..   1%          7    None
b - Ignition              Fire           ########..   4%          8    None
c - Blink                 Tloc           N/A          0%          2    None
d - Statue Form           Tmut/Erth      ########.    1%          6    None
f - Summon Forest         Summ/Tloc      ########..   1%          5    None
g - Regeneration          Chrm/Necr      ########..   0%          3    None
h - Spectral Weapon       Hex/Chrm       ########     0%          3    None
i - Summon Lightning Spi  Summ/Air       ########     0%          4    None
j - Borgnjor's Vile Clut  Necr/Erth      ########..   1%          5    None
k - Leda's Liquefaction   Hex/Erth       ########..   0%          4    None
l - Portal Projectile     Hex/Tloc       ######       0%          3    None
m - Lesser Beckoning      Tloc           ########..   0%          3    None
n - Apportation           Tloc           ######       0%          1    None

Your spell library contained the following spells:

 Spells                   Type           Power        Failure   Level  Hunger
 Cause Fear               Hex            ########..   0%          4    None
 Magic Dart               Conj           ####         0%          1    None
 Conjure Flame            Conj/Fire      ########     0%          3    None
 Bolt of Fire             Conj/Fire      ########..   1%          6    None
 Bolt of Cold             Conj/Ice       ########..   1%          6    None
 Lightning Bolt           Conj/Air       ########..   1%          5    None
 Slow                     Hex            ########     0%          2    None
 Confuse                  Hex            ########     0%          3    None
 Invisibility             Hex            ########     1%          6    None
 Throw Flame              Conj/Fire      ######       0%          2    None
 Freezing Cloud           Conj/Ice/Air   ########..   1%          6    None
 Mephitic Cloud           Conj/Pois/Air  ########     0%          3    None
 Death's Door             Chrm/Necr      ########..   4%          8    None
 Summon Small Mammal      Summ           ####         0%          1    None
 Bolt of Draining         Conj/Necr      ########..   1%          5    None
 Lehudib's Crystal Spear  Conj/Erth      ########..   4%          8    None
 Fire Storm               Conj/Fire      ########..   56%         9    ###....
 Iskenderun's Mystic Bla  Conj           ########     0%          4    None
 Animate Dead             Necr           N/A          0%          4    None
 Pain                     Necr           ####         0%          1    None
 Animate Skeleton         Necr           N/A          0%          1    None
 Vampiric Draining        Necr           ########..   0%          3    None
 Haunt                    Necr/Summ      ########..   1%          7    None
 Borgnjor's Revivificati  Necr           ########..   4%          8    None
 Freeze                   Ice            ####         0%          1    None
 Ozocubu's Refrigeration  Ice            ########..   1%          6    None
 Summon Ice Beast         Ice/Summ       ########     0%          4    None
 Call Imp                 Summ           ########     0%          2    None
 Dispel Undead            Necr           ########     1%          5    None
 Poison Arrow             Conj/Pois      ########..   1%          6    None
 Tukima's Dance           Hex            ########     0%          3    None
 Corpse Rot               Necr           N/A          0%          2    None
 Stone Arrow              Conj/Erth      ######       0%          3    None
 Shock                    Conj/Air       ####         0%          1    None
 Swiftness                Chrm/Air       ########     0%          2    None
 Recall                   Summ/Tloc      N/A          0%          3    None
 Agony                    Necr           ########     1%          5    None
 Spider Form              Tmut/Pois      ########..   0%          3    None
 Blade Hands              Tmut           ########..   1%          5    None
 Ice Form                 Ice/Tmut       ########     0%          4    None
 Dragon Form              Tmut           ########..   1%          7    None
 Necromutation            Tmut/Necr      ########..   4%          8    None
 Death Channel            Necr           ########..   1%          6    None
 Deflect Missiles         Chrm/Air       ########..   1%          6    None
 Glaciate                 Conj/Ice       ########..   56%         9    ###....
 Airstrike                Air            ########..   0%          4    None
 Confusing Touch          Hex            ######       0%          1    None
 Flame Tongue             Conj/Fire      #####        0%          1    None
 Passwall                 Tmut/Erth      ########     0%          2    None
 Ignite Poison            Fire/Tmut/Pois ########     0%          3    None
 Sticks to Snakes         Tmut           ########     0%          2    None
 Call Canine Familiar     Summ           ########     0%          3    None
 Ensorcelled Hibernation  Hex/Ice        ######       0%          2    None
 Metabolic Englaciation   Hex/Ice        ########..   1%          5    None
 Summon Butterflies       Summ           ########     0%          1    None
 Silence                  Hex/Air        ########..   1%          5    None
 Shatter                  Erth           ########..   56%         9    ###....
 Static Discharge         Conj/Air       ########     0%          3    None
 Corona                   Hex            #######      0%          1    None
 Alistair's Intoxication  Tmut/Pois      ########     1%          5    None
 Lee's Rapid Deconstruct  Erth           ########..   1%          5    None
 Sandblast                Erth           ######       0%          1    None
 Simulacrum               Ice/Necr       ########..   1%          6    None
 Chain Lightning          Conj/Air       ########..   4%          8    None
 Petrify                  Tmut/Erth      ########     0%          4    None
 Orb of Destruction       Conj           ########..   1%          7    None
 Tornado                  Air            ########..   56%         9    ###....
 Summon Hydra             Summ           ########..   1%          7    None
 Shroud of Golubria       Chrm/Tloc      ########..   0%          2    None
 Inner Flame              Hex/Fire       ########     0%          3    None
 Beastly Appendage        Tmut           ######       0%          1    None
 Fulminant Prism          Conj/Hex       ########..   0%          4    None
 Dazzling Spray           Conj/Hex       ######       0%          3    None
 Force Lance              Conj/Tloc      ########     0%          4    None
 Infusion                 Chrm           ####         0%          1    None
 Song of Slaying          Chrm           ########     0%          2    None
 Searing Ray              Conj           ######       0%          2    None
 Discord                  Hex            ########..   4%          8    None
 Summon Guardian Golem    Hex/Summ       ########     0%          3    None
 Dragon's Call            Summ           ########..   54%         9    ###....
 Hydra Form               Tmut           ########..   1%          6    None
 Irradiate                Conj/Tmut      ########..   1%          5    None
 Yara's Violent Unravell  Hex/Tmut       ########..   1%          5    None
 Infestation              Necr           ########..   4%          8    None
 Poisonous Vapours        Pois/Air       ######       0%          2    None


Dungeon Overview and Level Annotations

Branches:
Dungeon (15/15)            Temple (0/1) D:6            Lair (6/6) D:11
  Swamp (4/4) Lair:4       Spider (4/4) Lair:2        Slime (0/5) Lair:5
    Orc (2/2) D:10            Elf (3/3) Orc:2        Vaults (5/5) D:14
  Crypt (3/3) Vaults:3       Tomb (2/3) Crypt:3      Depths (5/5) D:15
    Zot (0/5) Depths:5

Altars:
Cheibriados
Dithmenos
Elyvilon
Kikubaaqudgha
Makhleb
Nemelex Xobeh
Okawaru
Ru
Sif Muna
Uskayaw
Vehumet
Wu Jian
Yredelemnul
Zin
Beogh
Jiyva

Shops:
D:5 (   D:7 [   D:10 (   D:12 ?   Orc:1 (   Orc:2 ((=%[   Elf:3 %:}
Vaults:1 [   Depths:2 (   Depths:3 [([(%

Portals:
Hell: Depths:1 Depths:2 Depths:3 Depths:4 Depths:5
Abyss: Depths:4
Pandemonium: Depths:3
Ziggurat: Depths:3

Annotations:
D:4 Blork the orc, Edmund
D:7 1 runed door, Steeltoe's ghost, novice DrBe


Innate Abilities, Weirdness & Mutations

Your experience applies equally to all skills.
You have very sharp teeth.
Your uncanny sense of smell can sniff out nearby items.


Message History

The jiangshi claws you!
* * * LOW HITPOINT WARNING * * *
The jiangshi claws you but does no damage.
The jiangshi claws you!
* * * LOW HITPOINT WARNING * * *
The chaos spawn gores you but does no damage.
The reaper hits you from afar with a scythe of freezing!!
* * * LOW HITPOINT WARNING * * *
The reaper freezes you!
* * * LOW HITPOINT WARNING * * *
The jiangshi claws you but does no damage.
The jiangshi claws you.
* * * LOW HITPOINT WARNING * * *
The jiangshi claws you but does no damage. x2
The greater mummy gestures at you while chanting.
Something smites you!
* * * LOW HITPOINT WARNING * * *
The jiangshi claws you but does no damage. x2
The jiangshi claws you!
You die...

#..............................
#..............................
#..............................
#..............................
#..........####################
#..........###########
#.....)....##.MM4(....
#..........##V4VW(....
#..........##.8################
#..........##..#...#...........
#..........##.2#.8.#..........8
#..........##..#...#...........
#..........##..#...#####''#####
#..........##..#...#..........#
#..........##..#...#..........#
#..........##..#...#..........#
#..........##..#...########...#


You could see a greater mummy, a reaper, 2 jiangshi, a hungry ghost, 2 chaos
spawn and a mummy.

Vanquished Creatures
  Khufu (Crypt:3)
  2 juggernauts (Depths:3)
  An ancient lich (Tomb:1)
  15 greater mummies
  Margery (Depths:3)
  Saint Roka (Depths:3)
  A caustic shrike (shapeshifter) (Vaults:5)
  3 caustic shrikes (Depths:3)
  4 golden dragons
  A profane servitor (Crypt:3)
  Nikola (Depths:3)
  Arachne (Spider:2)
  A bone dragon (Crypt:3)
  6 tentacled monstrosities
  8 liches
  2 deep elf master archers (Elf:3)
  4 titans
  The ghost of domi the Messiah, an adept HOFi of Beogh (Vaults:1)
  A deep elf blademaster (Elf:3)
  3 quicksilver dragons
  7 ancient champions
  12 sphinxes
  A sphinx (shapeshifter) (Vaults:5)
  2 storm dragons (Vaults:4)
  8 tengu reavers
  2 thorn hunters
  3 revenants
  6 shadow dragons
  Roxanne (D:15)
  Donald (Elf:1)
  6 draconian monks (Depths:5)
  10 fire giants
  An orc warlord (Vaults:2)
  14 frost giants
  7 emperor scorpions
  A draconian scorcher (Depths:5)
  4 iron dragons
  11 vault wardens
  6 deep elf elementalists
  7 ghouls
  5 ghost moths (Spider:4)
  9 deep elf sorcerers
  3 curse skulls (Crypt:2)
  2 spriggan defenders
  2 caustic shrike skeletons (Crypt:1)
  19 very ugly things
  15 ironheart preservers
  4 entropy weavers
  3 war gargoyles
  4 draconian annihilators (Depths:5)
  Nessos (D:13)
  An entropy weaver (shapeshifter) (Vaults:5)
  8 vampire knights
  16 stone giants
  3 bennus
  3 white draconians (Depths:5)
  5 green draconians (Depths:5)
  Azrael (Orc:2)
  A dire elephant (shapeshifter) (Vaults:5)
  2 spark wasps
  A red draconian (Depths:5)
  A minotaur (Lab)
  6 deep elf annihilators
  8 deep elf demonologists
  2 black draconians (Depths:5)
  12 deep elf death magi
  3 purple draconians (Depths:5)
  An eidolon (Crypt:2)
  24 mummy priests
  A crystal guardian (Vaults:4)
  9 ettins
  16 fire dragons
  A green death (Depths:3)
  3 deep elf high priests
  5 great orbs of eyes
  25 yaktaur captains
  Harold (Lair:1)
  Josephine (Orc:2)
  21 jiangshi
  A quicksilver dragon skeleton (Tomb:1)
  16 ice dragons
  The ghost of Muqoiwi the Carver, a journeyman DsFi of Makhleb (Lair:2)
  17 hydras
  An ice dragon (shapeshifter) (Depths:5)
  4 rakshasas
  4 catoblepae
  31 vault guards
  Erolcha (D:10)
  4 spriggan air magi
  2 ghost crabs
  4 centaur warriors
  8 death yaks
  9 ogre magi
  17 alligators
  5 death scarabs (Tomb:1)
  23 dancing weapons
  5 death knights
  8 deep troll shamans
  27 two-headed ogres
  8 deep troll earth magi
  8 spriggan berserkers
  5 tengu warriors
  3 orc high priests (Orc:2)
  A titan zombie (Tomb:1)
  3 soul eaters
  7 vampire magi
  A spectral dire elephant (Crypt:3)
  17 deep elf knights
  An iron golem (WizLab)
  Nergalle (Lair:3)
  Sonja (D:13)
  A fire crab (shapeshifter) (Depths:5)
  6 shadow wraiths
  27 skeletal warriors
  2 fire crabs (Swamp:4)
  3 iron trolls
  12 hell knights
  6 glowing orange brains
  An anaconda zombie (Tomb:1)
  3 lindwurms
  6 flayed ghosts
  28 deep trolls
  7 wizards
  18 deep elf archers
  5 swamp dragons (Swamp:4)
  14 orc knights
  A golden dragon skeleton (Vaults:5)
  5 phantasmal warriors
  Pikel (D:3)
  5 shambling mangroves
  A wolf spider zombie (D:14)
  16 ironbrand convokers
  2 harpies (shapeshifter) (WizLab)
  25 orb spiders
  2 orb spiders (shapeshifter)
  4 necromancers
  5 oklob plants
  2 iron dragon zombies
  An orc sorcerer (Elf:3)
  28 wolf spiders
  52 deep elf magi
  9 large abominations
  2 manticores (Lair:6)
  A spectral ettin (Crypt:3)
  17 slime creatures
  27 ugly things
  3 cyclopes
  A faun (shapeshifter) (Vaults:5)
  A spectral ice dragon (Crypt:3)
  A black mamba (shapeshifter) (WizLab)
  2 centaur zombies (D:14)
  2 frost giant skeletons
  2 moths of wrath (Spider:3)
  Maurice (D:13)
  2 torpor snails
  A guardian serpent (shapeshifter) (WizLab)
  A rust devil (Depths:3)
  16 vault sentinels
  5 orange demons (D:15)
  A black mamba (Lair:6)
  A spiny frog (shapeshifter) (WizLab)
  3 gargoyles
  A pale draconian zombie (Crypt:2)
  24 spiny frogs
  An elf skeleton (Vaults:5)
  A rime drake (Lair:6)
  3 komodo dragons (shapeshifter)
  5 yaktaurs (shapeshifter)
  5 freezing wraiths
  9 komodo dragons
  44 yaktaurs
  2 redback zombies
  17 demonic crawlers
  2 meliai (shapeshifter) (WizLab)
  28 jumping spiders
  2 red devils (D:15)
  20 guardian mummies
  7 tengu conjurers
  A hydra zombie (Crypt:2)
  2 wind drakes (shapeshifter) (WizLab)
  A yellow draconian skeleton (Crypt:1)
  3 meliai (D:15)
  A jumping spider (shapeshifter) (WizLab)
  2 polar bears
  A shadow dragon simulacrum (Crypt:1)
  5 tyrant leeches
  11 trolls
  29 hornets
  3 wind drakes (Depths:5)
  A queen bee (shapeshifter) (Vaults:4)
  A polar bear (shapeshifter) (WizLab)
  A hornet (shapeshifter) (WizLab)
  15 blink frogs
  A blink frog (shapeshifter) (WizLab)
  15 bog bodies
  A meliai zombie (D:15)
  12 dream sheep
  An iron dragon simulacrum (Crypt:1)
  90 flying skulls
  9 hippogriffs
  2 shadows (Crypt:3)
  A tarantella (shapeshifter) (Depths:1)
  5 spriggans
  An ettin skeleton (Tomb:2)
  2 air elementals
  32 tarantellas
  5 wyverns
  13 water elementals
  A ynoxinul (Depths:3)
  9 ushabtiu
  An alligator skeleton (Crypt:2)
  A vampire (D:12)
  71 redbacks
  A human (D:14)
  41 yaks
  7 fire elementals
  A golden eye (shapeshifter) (Vaults:5)
  14 vampire mosquitoes
  13 wraiths
  A yak (shapeshifter) (WizLab)
  A hog (Swamp:2)
  A basilisk (shapeshifter) (WizLab)
  2 humans (shapeshifter)
  3 basilisks
  2 hungry ghosts
  4 wargs
  2 steam dragons
  A swamp worm (shapeshifter) (Vaults:1)
  15 insubstantial wisps
  10 swamp worms
  A warg (shapeshifter) (Vaults:5)
  8 water moccasins
  A deep troll zombie (Crypt:2)
  3 hell hounds (Depths:3)
  5 floating eyes
  2 porcupines
  15 swamp drakes
  35 orc warriors
  3 phantoms
  2 hornet zombies (D:10)
  A snapping turtle zombie (Crypt:1)
  A black bear (shapeshifter) (WizLab)
  8 ice beasts
  10 necrophages
  25 ogres
  A black bear (D:6)
  4 wolves (Lair:4)
  4 boggarts
  A dream sheep skeleton (Crypt:1)
  A boggart (shapeshifter) (Vaults:5)
  8 centaurs
  19 crocodiles
  A big kobold (D:8)
  16 bullfrogs
  A spiny frog simulacrum (Tomb:1)
  2 earth elementals (Elf:3)
  10 scorpions
  8 small abominations
  A wyvern skeleton (D:14)
  A warg skeleton (Crypt:1)
  8 killer bees
  20 wights
  9 electric eels
  A howler monkey (D:6)
  15 crimson imps
  A quasit (D:10)
  6 jellies
  14 orc wizards
  20 orc priests
  3 bullfrog skeletons
  7 hounds
  4 centaur skeletons
  7 iguanas
  2 hell rats (Lair:6)
  16 worker ants
  6 big kobold zombies
  An acid dragon skeleton (Crypt:1)
  A naga skeleton (Tomb:1)
  A hound skeleton (D:10)
  30 mummies
  A howler monkey zombie (Crypt:2)
  17 gnolls
  13 adders
  6 river rats (Lair:6)
  2 shadow imps
  An ooze (D:4)
  2 adder zombies
  4 worms
  A dart slug (D:4)
  7 leopard geckos
  78 orcs
  2 spectral bats (Ossuary)
  3 giant cockroaches
  6 gnoll zombies (Ossuary)
  7 goblins
  11 hobgoblins
  3 jackals (D:4)
  2 ball pythons
  10 bats
  3 bat simulacra (Ossuary)
  7 frilled lizards
  A goblin simulacrum (Ossuary)
  3 goblin zombies
  3 hobgoblin zombies (Ossuary)
  18 kobolds
  6 kobold simulacra (Ossuary)
  8 kobold zombies (Ossuary)
  An orc skeleton (Crypt:2)
  5 orc zombies (Ossuary)
  A quokka zombie (D:4)
  6 rats
  4 rat simulacra (Ossuary)
  4 spectral kobolds (Ossuary)
  7 spectral rats (Ossuary)
  A briar patch (Swamp:4)
  A crawling corpse (Vaults:5)
  A plant (Lair:4)
  A spectral weapon (Spider:3)
2315 creatures vanquished.

Vanquished Creatures (collateral kills)
  A greater mummy (Tomb:2)
  A caustic shrike (Depths:3)
  A mutant beast (WizLab)
  A lich (Depths:1)
  A titan (Depths:2)
  Kirke (Swamp:2)
  2 sphinxes
  A shadow dragon (Depths:2)
  The ghost of fooot the Fencer, an adept FoAK of Lugonu (Swamp:1)
  A storm dragon (Depths:3)
  2 frost giants
  2 vault wardens
  Aizul (Swamp:3)
  3 emperor scorpions
  A deep elf elementalist (Elf:3)
  A spriggan defender (Depths:3)
  9 very ugly things
  An ironheart preserver (Vaults:3)
  2 deep elf demonologists
  A green draconian (Depths:5)
  2 vampire knights (Depths:3)
  A white draconian (Depths:5)
  A red draconian (Depths:5)
  A spark wasp (Depths:4)
  A deep elf annihilator (Elf:1)
  2 ettins
  A merfolk javelineer (Depths:4)
  2 great orbs of eyes (Depths:3)
  2 deep elf high priests
  2 mummy priests (Tomb:2)
  An ogre mage (Vaults:1)
  7 vault guards
  2 fire dragons
  4 yaktaur captains
  2 rakshasas (Depths:3)
  A catoblepas (D:14)
  3 ice dragons
  A hydra (Swamp:4)
  An alligator (Swamp:4)
  A tengu warrior (Depths:4)
  4 two-headed ogres
  A centaur warrior (Depths:2)
  4 deep troll shamans
  A vampire mage (Crypt:1)
  2 deep elf knights
  2 orc high priests (Orc:2)
  2 spriggan berserkers
  2 spriggans
  A small abomination (Vaults:5)
  2 hell knights (Depths:3)
  5 skeletal warriors
  A sun demon (Depths:3)
  3 deep trolls
  A flayed ghost (Crypt:2)
  A deep troll (shapeshifter) (D:15)
  A wizard (Depths:3)
  A glowing orange brain (Depths:3)
  5 deep elf archers
  2 ironbrand convokers
  13 deep elf magi
  An orc sorcerer (Vaults:4)
  An orb spider (Spider:1)
  A mana viper (shapeshifter) (D:15)
  5 wolf spiders
  5 ugly things
  4 orc knights (Orc:2)
  A black mamba (shapeshifter) (Vaults:1)
  2 vault sentinels
  A spiny frog (Lair:4)
  A centaur skeleton (D:10)
  11 yaktaurs
  A komodo dragon (D:15)
  A freezing wraith (Crypt:2)
  A guardian mummy (Tomb:2)
  3 tengu conjurers
  4 jumping spiders
  A tyrant leech (Swamp:3)
  7 slime creatures
  4 hornets
  2 blink frogs
  18 redbacks
  A shadow (Crypt:1)
  A snapping turtle (shapeshifter) (Vaults:5)
  4 water elementals (Depths:4)
  A yak (Lair:6)
  A flying skull (Tomb:2)
  4 tarantellas
  2 wraiths
  A hog (Swamp:2)
  A golden eye (shapeshifter) (Vaults:5)
  A human (shapeshifter) (D:15)
  A hungry ghost (D:15)
  2 vampire mosquitoes (D:15)
  A yaktaur simulacrum (Vaults:5)
  A swamp worm (Swamp:1)
  An insubstantial wisp (Lair:4)
  A floating eye (Depths:4)
  2 hell hounds (Orc:2)
  3 swamp drakes
  7 orc warriors
  4 ogres
  A necrophage (Crypt:2)
  3 boggarts (Depths:2)
  A big kobold (D:14)
  3 bullfrogs
  3 orc priests
  2 orc wizards
  A naga simulacrum (Tomb:2)
  2 adders (D:2)
  A worm (D:2)
  A dart slug (D:2)
  15 orcs
  2 hobgoblins
  4 jackals (D:2)
  5 bats
  5 frilled lizards
  A goblin (D:2)
  8 kobolds
  A rat (D:1)
  2 briar patches (Swamp:4)
  A crawling corpse (Vaults:5)
303 creatures vanquished.

Vanquished Creatures (others)
  A fire giant (Depths:5)
  A bennu (Tomb:2)
  A stone giant (Vaults:5)
  A yaktaur captain (Depths:4)
  A hydra (Swamp:4)
  A vault guard (Vaults:5)
  3 deep elf knights
  A shadow wraith (Vaults:4)
  An unseen horror (D:14)
  A death drake (Depths:5)
  A deep elf archer (Elf:1)
  A lindwurm (Swamp:4)
  A phantasmal warrior (Crypt:2)
  A deep elf mage (Elf:1)
  A wolf spider (Spider:4)
  7 yaktaurs
  2 jumping spiders (Spider:4)
  A tyrant leech (Swamp:3)
  A hornet (Spider:2)
  5 flying skulls (Tomb:2)
  A redback (Spider:4)
  4 humans
  A fire elemental (Depths:3)
  2 steam dragons (Swamp:4)
  2 vampire mosquitoes (Swamp:4)
  5 swamp drakes (Swamp:4)
  2 orc warriors
  A deep troll skeleton (Vaults:5)
  3 centaurs (D:14)
  A water moccasin skeleton (D:4)
  An orc wizard (Vaults:4)
  3 mummies (Tomb:2)
  A briar patch (Swamp:4)
  A bush (Lair:6)
  13 fungi
  16 plants
  7 snaplasher vines
  27 spectral weapons
124 creatures vanquished.

Grand Total: 2742 creatures vanquished

Notes
Turn   | Place    | Note
-------+----------+-------------------------------------------
     0 | D:1      | Lianjan the Gnoll Wizard began the quest for the Orb.
     0 | D:1      | Reached XP level 1. HP: 13/13 MP: 8/8
   101 | D:1      | Reached XP level 2. HP: 19/19 MP: 7/10
   106 | D:1      | Learned a level 2 spell: Call Imp
   109 | D:1      | Learned a level 2 spell: Blink
   684 | D:1      | Reached XP level 3. HP: 24/25 MP: 8/11
   689 | D:1      | Learned a level 3 spell: Mephitic Cloud
   693 | D:1      | Learned a level 3 spell: Conjure Flame
  1117 | D:2      | Reached skill level 1 in Invocations
  1302 | D:2      | Reached skill level 1 in Fighting
  1302 | D:2      | Reached skill level 1 in Short Blades
  1302 | D:2      | Reached skill level 1 in Long Blades
  1302 | D:2      | Reached skill level 1 in Axes
  1302 | D:2      | Reached skill level 1 in Maces & Flails
  1302 | D:2      | Reached skill level 1 in Polearms
  1302 | D:2      | Reached skill level 1 in Staves
  1302 | D:2      | Reached skill level 1 in Slings
  1302 | D:2      | Reached skill level 1 in Bows
  1302 | D:2      | Reached skill level 1 in Crossbows
  1302 | D:2      | Reached skill level 1 in Throwing
  1302 | D:2      | Reached skill level 1 in Armour
  1302 | D:2      | Reached skill level 1 in Shields
  1302 | D:2      | Reached skill level 1 in Unarmed Combat
  1302 | D:2      | Reached skill level 1 in Evocations
  1362 | D:2      | Reached XP level 4. HP: 16/32 MP: 7/13
  1882 | D:2      | Found a basalt altar of Yredelemnul.
  1936 | D:2      | Found a hide-covered altar of Uskayaw.
  1936 | D:2      | Found a deep blue altar of Sif Muna.
  1937 | D:2      | Found an ornate altar of the Wu Jian Council.
  1997 | D:2      | Found a faded altar of an unknown god.
  2079 | D:2      | Found a white marble altar of Elyvilon.
  2203 | D:3      | Reached skill level 1 in Hexes
  2203 | D:3      | Reached skill level 1 in Charms
  2203 | D:3      | Reached skill level 1 in Necromancy
  2203 | D:3      | Reached skill level 1 in Transmutations
  2203 | D:3      | Reached skill level 1 in Fire Magic
  2203 | D:3      | Reached skill level 1 in Ice Magic
  2203 | D:3      | Reached skill level 1 in Air Magic
  2203 | D:3      | Reached skill level 1 in Earth Magic
  2203 | D:3      | Reached skill level 1 in Poison Magic
  2215 | D:3      | Reached XP level 5. HP: 17/37 MP: 11/14
  2604 | D:3      | Found a glowing silver altar of Zin.
  2604 | D:3      | Found a snail-covered altar of Cheibriados.
  2622 | D:3      | Became a worshipper of Cheibriados the Contemplative
  2947 | D:3      | Found a burning altar of Makhleb.
  2947 | D:3      | Found a radiant altar of Vehumet.
  2956 | D:3      | Reached XP level 6. HP: 32/44 MP: 16/16
  3717 | D:3      | Reached * piety under Cheibriados
  3765 | D:4      | Noticed Pikel
  3765 | D:4      | Noticed a slave
  3765 | D:4      | Noticed a slave
  3765 | D:4      | Noticed a slave
  3765 | D:4      | Noticed a slave
  3821 | D:3      | Killed Pikel
  3821 | D:3      | Reached skill level 2 in Crossbows
  3821 | D:3      | Reached skill level 5 in Dodging
  3821 | D:3      | Reached skill level 5 in Stealth
  3821 | D:3      | Reached XP level 7. HP: 28/51 MP: 12/18
  4096 | D:4      | Reached XP level 8. HP: 48/57 MP: 19/19
  4204 | D:4      | Found a sand-covered staircase.
  4334 | Ossuary  | Entered an ossuary
  4418 | Ossuary  | Reached ** piety under Cheibriados
  4783 | Ossuary  | Reached skill level 3 in Crossbows
  5103 | Ossuary  | Reached *** piety under Cheibriados
  5815 | D:4      | Noticed Blork the orc
  5815 | D:4      | Noticed Edmund
  5826 | D:4      | Found a deep blue altar of Sif Muna.
  6039 | D:5      | Entered Level 5 of the Dungeon
  6539 | D:5      | Reached **** piety under Cheibriados
  6640 | D:5      | Found Sosyston's Antique Weapon Shop.
  7155 | D:6      | Reached XP level 9. HP: 55/65 MP: 21/21
  7491 | D:6      | Found a staircase to the Ecumenical Temple.
  7552 | D:6      | Found a sparkling altar of Nemelex Xobeh.
  7658 | D:6      | Found an iron altar of Okawaru.
  8127 | D:6      | Reached skill level 4 in Crossbows
  8566 | D:7      | Noticed Steeltoe's ghost (novice DrBe)
  8776 | D:7      | Found Dibram's Antique Armour Boutique.
  8816 | D:7      | Reached ***** piety under Cheibriados
  8862 | D:7      | Found a runed door.
  9280 | D:8      | Reached skill level 5 in Invocations
  9369 | D:8      | Reached XP level 10. HP: 36/73 MP: 22/22
 10320 | D:9      | Noticed a two-headed ogre
 10482 | D:9      | Killed a two-headed ogre
 10482 | D:9      | Reached skill level 5 in Fighting
 10482 | D:9      | Reached skill level 5 in Short Blades
 10482 | D:9      | Reached skill level 5 in Long Blades
 10482 | D:9      | Reached skill level 5 in Axes
 10482 | D:9      | Reached skill level 5 in Maces & Flails
 10482 | D:9      | Reached skill level 5 in Polearms
 10482 | D:9      | Reached skill level 5 in Staves
 10482 | D:9      | Reached skill level 5 in Slings
 10482 | D:9      | Reached skill level 5 in Bows
 10482 | D:9      | Reached skill level 5 in Crossbows
 10482 | D:9      | Reached skill level 5 in Throwing
 10482 | D:9      | Reached skill level 5 in Armour
 10482 | D:9      | Reached skill level 5 in Shields
 10482 | D:9      | Reached skill level 5 in Unarmed Combat
 10482 | D:9      | Reached skill level 5 in Evocations
 11076 | D:9      | Learned a level 4 spell: Iskenderun's Mystic Blast
 11252 | D:9      | Noticed a two-headed ogre
 11264 | D:9      | Killed a two-headed ogre
 11264 | D:9      | Reached skill level 5 in Conjurations
 11264 | D:9      | Reached skill level 5 in Summonings
 11264 | D:9      | Reached skill level 5 in Translocations
 11915 | D:10     | Entered Level 10 of the Dungeon
 11939 | D:10     | Noticed Erolcha
 11952 | D:10     | Killed Erolcha
 11952 | D:10     | Reached XP level 11. HP: 74/81 MP: 0/24
 12195 | D:10     | Reached ****** piety under Cheibriados
 12602 | D:10     | Reached skill level 6 in Crossbows
 12776 | D:10     | Reached skill level 5 in Hexes
 12776 | D:10     | Reached skill level 5 in Charms
 12776 | D:10     | Reached skill level 5 in Necromancy
 12776 | D:10     | Reached skill level 5 in Transmutations
 12776 | D:10     | Reached skill level 5 in Fire Magic
 12776 | D:10     | Reached skill level 5 in Ice Magic
 12776 | D:10     | Reached skill level 5 in Air Magic
 12776 | D:10     | Reached skill level 5 in Earth Magic
 12776 | D:10     | Reached skill level 5 in Poison Magic
 12892 | D:10     | Found a staircase to the Orcish Mines.
 12894 | D:10     | Found Osmiaq's Weapon Shop.
 13722 | D:11     | Noticed a deep elf mage
 13726 | D:11     | Noticed a deep elf mage
 13729 | D:11     | Noticed a deep elf mage
 14084 | D:11     | Noticed a deep elf mage
 14089 | D:11     | Killed a deep elf mage
 14095 | D:11     | Noticed a deep elf mage
 14107 | D:11     | Killed a deep elf mage
 14113 | D:11     | Noticed a deep elf mage
 14122 | D:11     | Killed a deep elf mage
 14134 | D:11     | Killed a deep elf mage
 14158 | D:11     | Noticed a deep elf mage
 14455 | D:11     | Killed a deep elf mage
 14468 | D:11     | Killed a deep elf mage
 14468 | D:11     | Reached XP level 12. HP: 89/89 MP: 1/25
 14832 | D:11     | Found a staircase to the Lair.
 15080 | D:11     | Reached skill level 10 in Spellcasting
 15109 | D:11     | Noticed a two-headed ogre
 15131 | D:11     | Killed a two-headed ogre
 15131 | D:11     | Reached skill level 7 in Crossbows
 15646 | D:11     | Noticed an iron troll
 15650 | D:11     | Killed an iron troll
 15969 | Lair:1   | Entered Level 1 of the Lair of Beasts
 17078 | Lair:1   | Noticed Harold
 17118 | Lair:1   | Killed Harold
 17918 | Lair:2   | Found a sacrificial altar of Ru.
 18100 | Lair:2   | Found a hole to the Spider Nest.
 18196 | Lair:2   | Found a large runed door.
 18199 | Lair:2   | Found a large runed door.
 18532 | Lair:2   | Reached XP level 13. HP: 98/98 MP: 27/27
 18947 | Lair:2   | Noticed Muqoiwi's ghost (journeyman DsFi)
 18990 | Lair:3   | Found a labyrinth entrance.
 18994 | Lab      | Entered a labyrinth
 19493 | Lab      | Noticed a minotaur
 19506 | Lab      | Killed a minotaur
 19580 | Lab      | Identified the Incunabulum of Untold Secrets
 19597 | Lab      | Identified a +1 pair of boots of running (You found it in a labyrinth)
 19814 | Lair:3   | Reached skill level 8 in Crossbows
 20885 | Lair:3   | Noticed Nergalle
 20913 | Lair:3   | Killed Nergalle
 23560 | Lair:4   | Found a staircase to the Swamp.
 24524 | Lair:5   | Reached XP level 14. HP: 94/106 MP: 29/29
 24670 | Lair:5   | Found a viscous altar of Jiyva.
 24675 | Lair:5   | Found a staircase to the Slime Pits.
 24882 | Lair:6   | Entered Level 6 of the Lair of Beasts
 25171 | Lair:6   | Reached skill level 10 in Dodging
 25511 | Lair:6   | Reached skill level 9 in Crossbows
 25783 | Lair:6   | Reached skill level 10 in Stealth
 25986 | Lair:6   | Reached skill level 10 in Invocations
 26419 | Lair:6   | Learned a level 3 spell: Regeneration
 26423 | Lair:6   | Learned a level 3 spell: Spectral Weapon
 26428 | Lair:6   | Learned a level 4 spell: Summon Lightning Spire
 27207 | Orc:1    | Entered Level 1 of the Orcish Mines
 27207 | Orc:1    | Found a roughly hewn altar of Beogh.
 27258 | Orc:1    | Found a flagged portal.
 27321 | Bailey   | Entered a bailey
 28203 | Orc:1    | Found Plog's Antique Weapon Shop.
 28799 | Orc:1    | Found Zufyif's Armour Shop.
 28988 | Orc:2    | Entered Level 2 of the Orcish Mines
 29030 | Orc:2    | Found Ofral's Antique Armour Emporium.
 29077 | Orc:2    | Noticed Azrael
 29266 | D:12     | Found Maneosor's Magic Scroll Boutique.
 29434 | D:12     | Reached XP level 15. HP: 114/114 MP: 30/30
 30029 | D:13     | Noticed Nessos
 30038 | D:13     | Killed Nessos
 30382 | D:13     | Noticed Sonja
 30387 | D:13     | Killed Sonja
 30516 | D:13     | Noticed Maurice
 30525 | D:13     | Killed Maurice
 31048 | Orc:2    | Noticed Josephine
 31085 | Orc:2    | Killed Josephine
 31501 | Orc:2    | Killed Azrael
 32112 | Orc:2    | Found a staircase to the Elven Halls.
 32333 | Orc:2    | Reached skill level 10 in Fighting
 32333 | Orc:2    | Reached skill level 10 in Short Blades
 32333 | Orc:2    | Reached skill level 10 in Long Blades
 32333 | Orc:2    | Reached skill level 10 in Axes
 32333 | Orc:2    | Reached skill level 10 in Maces & Flails
 32333 | Orc:2    | Reached skill level 10 in Polearms
 32333 | Orc:2    | Reached skill level 10 in Staves
 32333 | Orc:2    | Reached skill level 10 in Slings
 32333 | Orc:2    | Reached skill level 10 in Bows
 32333 | Orc:2    | Reached skill level 10 in Crossbows
 32333 | Orc:2    | Reached skill level 10 in Throwing
 32333 | Orc:2    | Reached skill level 10 in Armour
 32333 | Orc:2    | Reached skill level 10 in Shields
 32333 | Orc:2    | Reached skill level 10 in Unarmed Combat
 32333 | Orc:2    | Reached skill level 10 in Evocations
 32654 | Orc:2    | Found Fiprughe's Food Boutique.
 32657 | Orc:2    | Found Paeg's Weapon Boutique.
 32658 | Orc:2    | Found Iqulydal's Jewellery Boutique.
 32659 | Orc:2    | Found Giwilan's Antique Weapon Shop.
 32859 | Orc:2    | Bought an uncursed ring of poison resistance for 280 gold pieces
 32863 | Orc:2    | Bought a runed demon trident for 576 gold pieces
 33063 | Orc:1    | Bought an ancient hand crossbow for 187 gold pieces
 33063 | Orc:1    | Identified the +8 hand crossbow of Tomorrow {venom, -Tele rC++ Stlth+} (You bought it in a shop on level 1 of the Orcish Mines)
 33378 | D:14     | Identified the +9 long sword "Wakhuvy" {vamp, -Tele rN+ SInv} (You found it on level 14 of the Dungeon)
 34687 | D:14     | Found a gate to the Vaults.
 34874 | D:15     | Entered Level 15 of the Dungeon
 34932 | D:15     | Reached XP level 16. HP: 122/122 MP: 32/32
 35114 | D:15     | Noticed Roxanne
 35212 | D:15     | Killed Roxanne
 35698 | D:15     | Found a staircase to the Depths.
 35758 | D:15     | Found a shadowy altar of Dithmenos.
 36046 | Orc:2    | Bought a shiny shield for 300 gold pieces
 36046 | Orc:2    | Bought a slimy scale mail for 360 gold pieces
 36046 | Orc:2    | Bought a pair of glowing boots for 300 gold pieces
 36046 | Orc:2    | Bought a runed hat for 280 gold pieces
 36103 | Orc:2    | Identified the +0 scale mail "Rusegi Reitt" {Dex+7} (You bought it in a shop on level 2 of the Orcish Mines)
 36112 | Orc:2    | Learned a level 5 spell: Borgnjor's Vile Clutch
 36236 | Spider:1 | Entered Level 1 of the Spider Nest
 37500 | Spider:1 | You are sucked into a shaft!
 38524 | Spider:2 | Paralysed by a hornet for 1 turns
 38685 | Spider:2 | Reached skill level 11 in Crossbows
 38800 | Spider:2 | Learned a level 4 spell: Leda's Liquefaction
 38947 | Spider:3 | Noticed Arachne
 38978 | Spider:2 | Killed Arachne
 38978 | Spider:2 | Reached XP level 17. HP: 67/131 MP: 21/33
 39245 | Spider:3 | Got a bound pewter ring
 41341 | Spider:4 | Entered Level 4 of the Spider Nest
 42020 | Spider:4 | Identified the ring of Fousk {+Blink MR+} (You found it on level 3 of the Spider Nest)
 42088 | Spider:4 | Reached skill level 10 in Conjurations
 42088 | Spider:4 | Reached skill level 10 in Summonings
 42088 | Spider:4 | Reached skill level 10 in Translocations
 43656 | Spider:4 | Reached skill level 10 in Hexes
 43656 | Spider:4 | Reached skill level 10 in Charms
 43656 | Spider:4 | Reached skill level 10 in Necromancy
 43656 | Spider:4 | Reached skill level 10 in Transmutations
 43656 | Spider:4 | Reached skill level 10 in Fire Magic
 43656 | Spider:4 | Reached skill level 10 in Ice Magic
 43656 | Spider:4 | Reached skill level 10 in Air Magic
 43656 | Spider:4 | Reached skill level 10 in Earth Magic
 43656 | Spider:4 | Reached skill level 10 in Poison Magic
 44066 | Spider:4 | Got a gossamer rune of Zot
 44330 | Swamp:1  | Entered Level 1 of the Swamp
 44344 | Swamp:1  | Reached XP level 18. HP: 133/139 MP: 26/35
 45242 | Swamp:1  | Found a runed gate.
 45253 | Swamp:1  | Found a runed gate.
 45254 | Swamp:1  | Found a runed gate.
 45258 | Swamp:1  | Noticed fooot's ghost (adept FoAK)
 45617 | Swamp:2  | Noticed Kirke
 45630 | Swamp:2  | Killed Kirke
 46216 | Swamp:2  | Reached skill level 12 in Crossbows
 46808 | Swamp:3  | Noticed Aizul
 46817 | Swamp:3  | Killed Aizul
 47393 | Swamp:4  | Entered Level 4 of the Swamp
 48641 | Swamp:4  | Got a decaying rune of Zot
 49145 | Swamp:4  | Reached XP level 19. HP: 145/147 MP: 32/36
 49627 | Lair:1   | Learned a level 3 spell: Portal Projectile
 49711 | Elf:1    | Entered Level 1 of the Elven Halls
 50583 | Elf:1    | Noticed Donald
 50590 | Elf:1    | Killed Donald
 50847 | Lair:2   | Killed Muqoiwi's ghost
 50865 | Lair:2   | Learned a level 3 spell: Lesser Beckoning
 50867 | Lair:2   | Learned a level 1 spell: Apportation
 50967 | Swamp:1  | Killed fooot's ghost
 50977 | Swamp:1  | Got a scintillating diamond amulet
 50979 | Swamp:1  | Identified the amulet of Gaczut {*Contam +Fly Regen+ Str+3 SInv} (You found it on level 1 of the Swamp)
 51538 | Elf:2    | Found a runed gate.
 51538 | Elf:2    | Found a runed gate.
 51539 | Elf:2    | Found a runed gate.
 53090 | Elf:3    | Entered Level 3 of the Elven Halls
 53480 | Elf:3    | Found Jueruc's Gadget Shoppe.
 53480 | Elf:3    | Found Ybucw's Book Emporium.
 53484 | Elf:3    | Found Xafuann's Food Shoppe.
 54237 | Elf:3    | Reached XP level 20. HP: 155/155 MP: 28/38
 54352 | Elf:3    | Reached skill level 13 in Crossbows
 54364 | Elf:3    | Got a pitted long sword {flame}
 55040 | Elf:3    | Identified the Guide on Dusty Shape Shifting
 55049 | Elf:3    | Identified the Compendium of Conjuration
 55077 | Elf:3    | Learned a level 6 spell: Statue Form
 55391 | Vaults:1 | Entered Level 1 of the Vaults
 55964 | Vaults:1 | Found a runed door.
 56019 | Vaults:1 | Noticed domi's ghost (adept HOFi)
 56037 | Vaults:1 | Killed domi's ghost
 56318 | Elf:3    | Bought a manual of Crossbows for 1324 gold pieces
 56567 | Vaults:1 | Found Rurcheoc's Armour Shop.
 57826 | Vaults:2 | Reached XP level 21. HP: 163/163 MP: 24/39
 58146 | Vaults:2 | Reached skill level 15 in Spellcasting
 58453 | Vaults:2 | Reached skill level 14 in Crossbows
 58771 | Vaults:3 | Found a flickering gateway to a bazaar.
 58799 | Bazaar   | Entered a bazaar
 58799 | Bazaar   | Found Xaynuegg's Antique Weapon Shop.
 58799 | Bazaar   | Found Borik's Jewellery Emporium.
 58820 | Bazaar   | Found Fopeozxyss's General Store.
 58828 | Bazaar   | Found Bydgh's Antique Armour Boutique.
 58839 | Bazaar   | Found Vupn's Magic Scroll Emporium.
 58886 | Bazaar   | Bought a scroll of acquirement for 520 gold pieces
 58899 | Bazaar   | Bought a scroll of teleportation for 48 gold pieces
 58915 | Vaults:3 | Got a dazzling helmet
 58926 | Vaults:3 | Identified the +0 helmet of Vykhuo Qoamm {+Blink rElec rC- Dex+3} (You acquired it on level 3 of the Vaults)
 59808 | Vaults:3 | Found a staircase to the Crypt.
 60022 | Vaults:3 | Identified the cursed +0 trident of Avidoet {speed, rElec rPois Stlth+} (You found it on level 3 of the Vaults)
 60807 | Vaults:4 | Reached skill level 15 in Invocations
 61093 | Vaults:4 | Found a flickering gateway to a bazaar.
 61101 | Bazaar   | Entered a bazaar
 61112 | Bazaar   | Found Amiusefu's Distillery.
 61199 | Bazaar   | Found Cawuig's General Store.
 61330 | Bazaar   | Found Zaynor's Weapon Boutique.
 61355 | Bazaar   | Bought a potion of resistance for 110 gold pieces
 61355 | Bazaar   | Bought 2 potions of curing for 66 gold pieces
 62077 | Vaults:4 | Reached XP level 22. HP: 132/172 MP: 41/41
 62475 | Vaults:5 | Entered Level 5 of the Vaults
 62557 | Vaults:5 | Reached skill level 15 in Crossbows
 62745 | Vaults:5 | Noticed a golden dragon
 62755 | Vaults:5 | Killed a golden dragon
 62820 | Vaults:5 | Reached skill level 15 in Dodging
 62856 | Vaults:5 | Got a faintly glowing pewter ring
 63047 | Vaults:5 | Reached skill level 15 in Stealth
 63073 | Vaults:5 | Noticed a golden dragon
 63073 | Vaults:5 | an azure jelly changed into a golden dragon
 63074 | Vaults:5 | a golden dragon changed into an acid blob
 63076 | Vaults:5 | Noticed a golden dragon
 63076 | Vaults:5 | an acid blob changed into a golden dragon
 63080 | Vaults:5 | Noticed a caustic shrike
 63080 | Vaults:5 | a golden dragon changed into a caustic shrike
 63084 | Vaults:5 | Killed a caustic shrike
 63546 | Vaults:5 | Reached XP level 23. HP: 177/179 MP: 37/42
 63639 | Vaults:5 | Reached skill level 16 in Crossbows
 63644 | Vaults:5 | Noticed a caustic shrike
 63644 | Vaults:5 | an acid blob changed into a caustic shrike
 63648 | Vaults:5 | a caustic shrike changed into a shadow dragon
 63671 | Vaults:5 | Got a coiled graven amulet
 63686 | Vaults:5 | Identified the ring "Ablod" {*Tele Stlth+} (You took it off a deep elf demonologist on level 5 of the Vaults)
 63688 | Vaults:5 | Identified the amulet "Gowuw" {Gourm rElec Slay+3} (You took it off a yaktaur captain on level 5 of the Vaults)
 64055 | Vaults:5 | Got a silver rune of Zot
 64097 | Vaults:5 | Got a fine hand crossbow
 64098 | Vaults:5 | Identified the +3 hand crossbow "Omoasoih" {elec, +Fly rN+ MR++} (You took it off a vault guard on level 5 of the Vaults)
 65306 | Depths:1 | Entered Level 1 of the Depths
 65332 | Depths:1 | Found a magical portal.
 65344 | WizLab   | Entered Cigotuvi's Fleshworks
 65542 | WizLab   | Paralysed by a floating eye for 3 turns
 65553 | WizLab   | Paralysed by a floating eye for 4 turns
 65578 | WizLab   | Got a faintly glowing ruby amulet
 65583 | WizLab   | Identified the amulet "Rynuan" {Harm *Drain +Fly} (You found it in a wizard's laboratory)
 65618 | WizLab   | Paralysed by a floating eye for 4 turns
 65627 | WizLab   | Paralysed by a floating eye for 4 turns
 66070 | WizLab   | Identified the Incunabulum of Moulding
 66072 | WizLab   | Identified Cigotuvi's Almanac of Transmutation and Necromancy
 66080 | WizLab   | Identified the Guide on Changing
 66270 | Depths:1 | Reached skill level 15 in Fighting
 66270 | Depths:1 | Reached skill level 15 in Short Blades
 66270 | Depths:1 | Reached skill level 15 in Long Blades
 66270 | Depths:1 | Reached skill level 15 in Axes
 66270 | Depths:1 | Reached skill level 15 in Maces & Flails
 66270 | Depths:1 | Reached skill level 15 in Polearms
 66270 | Depths:1 | Reached skill level 15 in Staves
 66270 | Depths:1 | Reached skill level 15 in Slings
 66270 | Depths:1 | Reached skill level 15 in Bows
 66270 | Depths:1 | Reached skill level 15 in Throwing
 66270 | Depths:1 | Reached skill level 15 in Armour
 66270 | Depths:1 | Reached skill level 15 in Shields
 66270 | Depths:1 | Reached skill level 15 in Unarmed Combat
 66270 | Depths:1 | Reached skill level 15 in Evocations
 67072 | Depths:1 | Learned a level 5 spell: Summon Forest
 67437 | Depths:1 | Found a gateway to Hell.
 68278 | Depths:2 | Found Uthot Nesarr's Antique Weapon Boutique.
 68796 | Depths:2 | Found a sparkling altar of Nemelex Xobeh.
 68797 | Depths:2 | Found a snail-covered altar of Cheibriados.
 68797 | Depths:2 | Found a hide-covered altar of Uskayaw.
 68797 | Depths:2 | Found an ancient bone altar of Kikubaaqudgha.
 69103 | Depths:3 | Reached XP level 24. HP: 106/189 MP: 40/43
 69312 | Depths:3 | Found Tuiladil's Armour Shoppe.
 69356 | Depths:3 | Found a gateway to a ziggurat.
 69443 | Depths:3 | Reached skill level 17 in Crossbows
 69667 | Depths:3 | Noticed Saint Roka
 69714 | Depths:3 | Killed Saint Roka
 69797 | Depths:3 | Found a one-way gate leading to the halls of Pandemonium.
 70164 | Depths:3 | Noticed a caustic shrike
 70167 | Depths:3 | Noticed a juggernaut
 70167 | Depths:3 | Noticed a caustic shrike
 70176 | Depths:3 | Killed a caustic shrike
 70179 | Depths:3 | Killed a caustic shrike
 70188 | Depths:3 | Killed a juggernaut
 70268 | Depths:3 | HP: 11/245 [sphinx (8)]
 70602 | Depths:3 | Paralysed by a floating eye for 4 turns
 70629 | Depths:3 | Noticed a caustic shrike
 70641 | Depths:3 | Killed a caustic shrike
 70648 | Depths:3 | Noticed Nikola
 70659 | Depths:3 | Killed Nikola
 70686 | Depths:3 | Noticed Margery
 70694 | Depths:3 | Killed Margery
 70733 | Depths:3 | Noticed a juggernaut
 70766 | Depths:3 | Killed a juggernaut
 70997 | Depths:3 | Reached XP level 25. HP: 122/197 MP: 40/43
 71211 | Depths:3 | Found Gauja Boxu's Antique Armour Shop.
 71211 | Depths:3 | Found Jeiset's Food Emporium.
 71211 | Depths:3 | Found Boilufie's Antique Weapon Shoppe.
 71211 | Depths:3 | Found Xemuv's Antique Weapon Shop.
 71573 | Elf:3    | Bought a manual of Shields for 1324 gold pieces
 71926 | Depths:4 | Found a one-way gate to the infinite horrors of the Abyss.
 71945 | Depths:4 | Reached skill level 18 in Crossbows
 72047 | Depths:4 | Identified the Collected Works on Darkness and Weightlessness
 72224 | Depths:4 | Identified the Handbook of Glacial Clay
 73161 | Orc:2    | Learned a level 7 spell: Ring of Flames
 73478 | Depths:4 | Found a deep blue altar of Sif Muna.
 73646 | Depths:4 | HP: 8/197 [purple very ugly thing (2)]
 74312 | Depths:4 | Got a fine chain mail
 74313 | Depths:4 | Identified the +7 chain mail "Gokaciuz" {rElec rC+ Str+3 Int+3} (You found it on level 4 of the Depths)
 74536 | Depths:5 | Entered Level 5 of the Depths
 75337 | Depths:5 | Reached XP level 26. HP: 187/206 MP: 42/44
 75435 | Depths:5 | Found a gate to the Realm of Zot.
 75834 | Depths:5 | Reached skill level 19 in Crossbows
 76565 | Crypt:1  | Entered Level 1 of the Crypt
 77696 | Crypt:2  | Found the +3 giant club "Skullcrusher" {speed, Str+7}
 78312 | Crypt:3  | Entered Level 3 of the Crypt
 78587 | Crypt:3  | Learned a level 8 spell: Ignition
 78649 | Crypt:3  | Found a basalt altar of Yredelemnul.
 78832 | Crypt:3  | Reached XP level 27. HP: 213/213 MP: 29/45
 79279 | Crypt:3  | Found the +8 glaive of the Guard {elec, +Rage AC+5 SInv}
 79366 | Crypt:3  | Found a staircase to the Tomb.
 79366 | Crypt:3  | Noticed Khufu
 79375 | Crypt:3  | Killed Khufu
 79586 | Crypt:3  | Identified the Papyrus of Shifting Contamination
 79647 | Tomb:1   | Entered Level 1 of the Tomb of the Ancients
 80001 | Tomb:1   | Reached skill level 20 in Crossbows
 80120 | Tomb:1   | Noticed a greater mummy
 80127 | Tomb:1   | Reached skill level 15 in Conjurations
 80127 | Tomb:1   | Reached skill level 15 in Summonings
 80127 | Tomb:1   | Reached skill level 15 in Translocations
 80129 | Tomb:1   | Killed a greater mummy
 80658 | Tomb:1   | Noticed an ancient lich
 80673 | Tomb:1   | Killed an ancient lich
 80948 | Tomb:2   | Noticed a greater mummy
 80953 | Tomb:2   | Noticed a greater mummy
 80957 | Tomb:2   | Killed a greater mummy
 80959 | Tomb:2   | Reached skill level 15 in Hexes
 80959 | Tomb:2   | Reached skill level 15 in Charms
 80959 | Tomb:2   | Reached skill level 15 in Necromancy
 80959 | Tomb:2   | Reached skill level 15 in Transmutations
 80959 | Tomb:2   | Reached skill level 15 in Fire Magic
 80959 | Tomb:2   | Reached skill level 15 in Ice Magic
 80959 | Tomb:2   | Reached skill level 15 in Air Magic
 80959 | Tomb:2   | Reached skill level 15 in Earth Magic
 80959 | Tomb:2   | Reached skill level 15 in Poison Magic
 80964 | Tomb:2   | Killed a greater mummy
 81035 | Tomb:2   | Noticed a greater mummy
 81047 | Tomb:2   | Killed a greater mummy
 81084 | Tomb:2   | Noticed a greater mummy
 81092 | Tomb:2   | Noticed a greater mummy
 81093 | Tomb:2   | Killed a greater mummy
 81108 | Tomb:2   | Killed a greater mummy
 81665 | Tomb:1   | Noticed a greater mummy
 81672 | Tomb:1   | Noticed a greater mummy
 81673 | Tomb:1   | Killed a greater mummy
 81683 | Tomb:1   | Killed a greater mummy
 81711 | Tomb:1   | Noticed a greater mummy
 81711 | Tomb:1   | Noticed a greater mummy
 81720 | Tomb:1   | Killed a greater mummy
 81726 | Tomb:1   | Killed a greater mummy
 81743 | Tomb:1   | Noticed a greater mummy
 81754 | Tomb:1   | Killed a greater mummy
 81754 | Tomb:1   | Noticed a greater mummy
 81765 | Tomb:1   | Killed a greater mummy
 81959 | Tomb:1   | Noticed a greater mummy
 81982 | Tomb:1   | Killed a greater mummy
 82021 | Tomb:1   | Noticed a greater mummy
 82032 | Tomb:1   | Killed a greater mummy
 82101 | Tomb:1   | Noticed a greater mummy
 82114 | Tomb:1   | Killed a greater mummy
 82183 | Tomb:1   | Noticed a greater mummy
 82184 | Tomb:1   | Noticed a greater mummy
 82192 | Tomb:1   | Killed a greater mummy
 82195 | Tomb:1   | Paralysed by a chaos spawn for 6 turns
 82199 | Tomb:1   | HP: 13/274 [jiangshi[a greater mummy] (6)]
 82199 | Tomb:1   | HP: 1/274 [greater mummy/divine providence (12)]
 82200 | Tomb:1   | Demolished by a jiangshi

Vault maps used:
D:1:      minmay_arrival_jagged, minmay_lizard_pond
D:2:      kennysheep_ying_yang, gammafunk_temple_overflow_forgotten,
          chequers_ecumenical_altar_simple_redux, first_ration
D:3:      grunt_temple_overflow_lords_of_destruction, grunt_temple_overflow_open
D:4:      enter_ossuary_4, tgw_sif, uniq_pikel, uniq_blork_the_orc, uniq_edmund
D:5:      serial_shops, shop, kennysheep_small_square
D:6:      okawaru_metal_pillars_1_2, minmay_temple_entry_glassed_door,
          nemelex_spade_bored_becter
D:7:      hellmonk_ghost_happy_afterlife, serial_shops, nicolae_shop_crystal
D:10:     orc_david_3, uniq_erolcha
D:11:     lemuel_troll_bridge, lair_entry_dummy, elves_outpost_lemuel
D:12:     serial_shops, shop
D:13:     uniq_nessos, uniq_maurice, uniq_sonja
D:14:     grunt_vaults_entry_fortified, minmay_staircase_statues,
          kennysheep_generic_room_16
D:15:     gammafunk_enter_depths_forms,
          nicolae_dithmenos_through_a_glass_darkly, minmay_beelzebubs_servants,
          uniq_roxanne
Lair:1:   infiniplex_staircase_pool, uniq_harold
Lair:2:   spider_nest_entry_rubble, basic_altar, ebering_ghost_disaster_area,
          minivault_26
Lair:3:   lab_entry_generic, ldierk_geyser, minmay_lair_oklob_chamber,
          uniq_nergalle
Lair:4:   minmay_swamp_entry_wisps, infiniplex_staircase_pool_2,
          grunt_megastairs_3, serial_bayou_shore_a, lemuel_fruit_tree,
          serial_bayou_shore_b
Lair:5:   slime_altar_1, minivault_27
Lair:6:   evilmike_catoblepas_cave, kennysheep_rathole
Swamp:1:  ebering_ghost_rock_garden, evilmike_swamp_ruin_house_3
Swamp:2:  evilmike_swamp_ruin_house_4, swamp_pool1, uniq_kirke
Swamp:3:  nicolae_swamp_triple_paths, uniq_aizul
Swamp:4:  swamp_fiery, hangedman_swamp_blocks
Spider:1: hangedman_spider_trapstep
Spider:2: spiders_nest_hornet_nest
Spider:3: spiders_nest_scorpion_pit, uniq_arachne
Spider:4: grunt_spider_rune_circles
Orc:1:    basic_altar, serial_shops, nicolae_shop_overgrown_old_shop, shop,
          lightli_bailey_entry_fortress
Orc:2:    st_orc_pillars, serial_shops, shop_statue, uniq_josephine, uniq_azrael
Elf:1:    eino_elf_arrival_the_gate, minmay_strange_pillars, uniq_donald
Elf:3:    minmay_elf_hall_statues, minmay_shop_star
Vaults:1: ebering_vaults_ghost_reflecting_pool, nicolae_vaults_alarming,
          grunt_vaults_hallway_short, vaults_room_stairs_pillars,
          hangedman_vaults_trim, nicolae_vaults_border_crossing,
          st_quartered_hall, grunt_vaults_diagonal,
          ontoclasm_vaults_loading_screen, vaults_room_semicircle, serial_shops,
          shop
Vaults:2: nicolae_vaults_mini_display_case, ontoclasm_vaults_tryst,
          nicolae_vaults_what_the_h, st_more_cells, hangedman_vaults_hat,
          hangedman_vaults_unwind, v_misc_9, ontoclasm_vaults_idyll,
          stair_cage_open
Vaults:3: ontoclasm_vaults_chip, vaults_dpeg_doors, ontoclasm_vaults_ring_large,
          hangedman_vaults_capsules, grunt_vaults_hallway_short,
          nicolae_vaults_network_periphery, blue_anna_dwarven_crypt,
          vaults_room_ringed_pool, hangedman_vaults_slice,
          vaults_room_stairs_pillars, vaults_room_pool,
          nicolae_vaults_yaktaur_gun_rack, serial_shops, bzr_entry_water
Vaults:4: ontoclasm_vaults_fault, hangedman_vaults_cutoff,
          vaults_standard_mumra_x, ontoclasm_vaults_loading_screen,
          ontoclasm_vaults_twist, v_rooms_5,
          vaults_standard_mumra_enter_the_diamond, v_rooms_1,
          vaults_room_door_hall, ontoclasm_vaults_hangar, serial_shops,
          bzr_in_the_mist
Vaults:5: serial_shops
Crypt:2:  minmay_guarded_unrand_skullcrusher
Crypt:3:  grunt_crypt_end_deaths_head
Depths:1: grunt_hell_entry_dis_mu, infiniplex_enter_wizlab_water,
          lemuel_flamethrower_1, hangedman_decor_cross_pass
Depths:2: minmay_the_grid_octo_2x2, hell_entry, serial_shops, shop,
          hangedman_decor_growths
Depths:3: hangedman_box_tower, enter_ziggurat_c, hellmouth_1,
          rand_demon_pan_entry_3, serial_shops, nicolae_shop_behind_doors,
          uniq_saint_roka, uniq_nikola, uniq_margery
Depths:4: minmay_spiral_squares, hell_entry, abyss_entry,
          kennysheep_flooded_box, serial_bayou_shore_b
Depths:5: lemuel_castle_with_subvaults, grunt_decor_cap, hell_entry,
          minmay_door_square
Lab:      nicolae_lab_dead_adventurers
Bazaar:   bazaar_lake, due_bazaar_butterfly
Ossuary:  ossuary_zaba_two_paths
Bailey:   bailey_polearm_1, bailey
WizLab:   wizlab_cigotuvi

Skill      XL: |  1  2  3  4  5  6  7  8  9 10 11 12 13 14 15 16 17 18 19 20 21 22 23 24 25 26 27 |
---------------+----------------------------------------------------------------------------------+-----
Conjurations   | 2 3 4 5 6 7 8 9 10 11 12 13 14 15 | 15.4
Summonings     | 2 3 4 5 6 7 8 9 10 11 12 13 14 15 | 15.4
Translocations | 2 3 4 5 6 7 8 9 10 11 12 13 14 15 | 15.4
Invocations    | 1 2 3 4 5 6 7 8 9 10 11 12 13 14 15 16 17 18 19 | 19.1
Fighting       | 1 2 3 4 5 6 7 8 9 10 11 12 13 14 15 16 17 | 17.7
Short Blades   | 1 2 3 4 5 6 7 8 9 10 11 12 13 14 15 16 17 | 17.7
Long Blades    | 1 2 3 4 5 6 7 8 9 10 11 12 13 14 15 16 17 | 17.7
Axes           | 1 2 3 4 5 6 7 8 9 10 11 12 13 14 15 16 17 | 17.7
Maces & Flails | 1 2 3 4 5 6 7 8 9 10 11 12 13 14 15 16 17 | 17.7
Polearms       | 1 2 3 4 5 6 7 8 9 10 11 12 13 14 15 16 17 | 17.7
Staves         | 1 2 3 4 5 6 7 8 9 10 11 12 13 14 15 16 17 | 17.7
Slings         | 1 2 3 4 5 6 7 8 9 10 11 12 13 14 15 16 17 | 17.7
Bows           | 1 2 3 4 5 6 7 8 9 10 11 12 13 14 15 16 17 | 17.7
Crossbows      | 1 2 3 4 5 6 7 8 9 10 11 12 13 14 15 16 17 18 19 20 | 20.8
Throwing       | 1 2 3 4 5 6 7 8 9 10 11 12 13 14 15 16 17 | 17.7
Armour         | 1 2 3 4 5 6 7 8 9 10 11 12 13 14 15 16 17 | 17.7
Shields        | 1 2 3 4 5 6 7 8 9 10 11 12 13 14 15 16 18 19 | 19.3
Unarmed Combat | 1 2 3 4 5 6 7 8 9 10 11 12 13 14 15 16 17 | 17.7
Evocations     | 1 2 3 4 5 6 7 8 9 10 11 12 13 14 15 16 17 | 17.7
Hexes          | 1 2 3 4 5 6 7 8 9 10 11 12 13 14 15 | 15.3
Charms         | 1 2 3 4 5 6 7 8 9 10 11 12 13 14 15 | 15.3
Necromancy     | 1 2 3 4 5 6 7 8 9 10 11 12 13 14 15 | 15.3
Transmutations | 1 2 3 4 5 6 7 8 9 10 11 12 13 14 15 | 15.3
Fire Magic     | 1 2 3 4 5 6 7 8 9 10 11 12 13 14 15 | 15.3
Ice Magic      | 1 2 3 4 5 6 7 8 9 10 11 12 13 14 15 | 15.3
Air Magic      | 1 2 3 4 5 6 7 8 9 10 11 12 13 14 15 | 15.3
Earth Magic    | 1 2 3 4 5 6 7 8 9 10 11 12 13 14 15 | 15.3
Poison Magic   | 1 2 3 4 5 6 7 8 9 10 11 12 13 14 15 | 15.3
Dodging        | 5 6 7 8 9 10 11 12 13 14 15 16 17 18 | 18.1
Stealth        | 5 6 7 8 9 10 11 12 13 14 15 16 17 18 | 18.1
Spellcasting   | 8 9 10 11 12 13 14 15 16 17 18 | 18.7

Action                   |  1- 3 |  4- 6 |  7- 9 | 10-12 | 13-15 | 16-18 | 19-21 | 22-24 | 25-27 || total
-------------------------+-------+-------+-------+-------+-------+-------+-------+-------+-------++-------
Melee: Whip              |    92 |   156 |   514 |   388 |   134 |       |       |       |       ||  1284
       Bite              |     8 |    17 |   136 |   146 |   364 |   287 |   189 |   397 |   469 ||  2013
       Punch             |       |     1 |    14 |    26 |       |       |       |       |       ||    41
       Trident           |       |       |   138 |   183 |  1481 |  1088 |    35 |       |       ||  2925
       Flail             |       |       |     5 |       |       |       |       |       |       ||     5
       Hand axe          |       |       |       |    20 |       |       |       |       |       ||    20
       Unarmed           |       |       |       |       |     1 |       |       |       |       ||     1
       Scimitar          |       |       |       |       |    63 |   153 |       |       |       ||   216
       Demon trident     |       |       |       |       |       |       |   927 |  1765 |  2216 ||  4908
 Fire: Blowgun           |       |     3 |     5 |     6 |       |       |       |       |       ||    14
       Hand crossbow     |       |       |       |    59 |   103 |   493 |   236 |   108 |   121 ||  1120
Throw: Stone             |       |       |     2 |     2 |       |       |       |       |       ||     4
       Throwing net      |       |       |       |       |       |     1 |       |       |       ||     1
 Cast: Magic Dart        |    11 |       |       |     1 |       |       |       |       |       ||    12
       Call Imp          |    20 |    11 |     9 |    13 |    12 |       |       |       |       ||    65
       Blink             |       |     5 |       |     6 |    10 |     2 |       |     3 |       ||    26
       Mephitic Cloud    |       |     2 |       |    21 |    13 |     7 |       |       |       ||    43
       Iskenderun's Myst |       |       |       |    38 |       |     3 |       |       |       ||    41
       Conjure Flame     |       |       |       |    11 |    85 |    11 |       |       |       ||   107
       Spectral Weapon   |       |       |       |       |    19 |    66 |    55 |    18 |    14 ||   172
       Summon Lightning  |       |       |       |       |    19 |    56 |    43 |    37 |     9 ||   164
       Regeneration      |       |       |       |       |     6 |    11 |    16 |    12 |    23 ||    68
       Borgnjor's Vile C |       |       |       |       |       |    51 |    66 |    21 |    64 ||   202
       Lesser Beckoning  |       |       |       |       |       |       |     5 |       |     2 ||     7
       Portal Projectile |       |       |       |       |       |       |     4 |     3 |    13 ||    20
       Statue Form       |       |       |       |       |       |       |    31 |    21 |    77 ||   129
       Leda's Liquefacti |       |       |       |       |       |       |     2 |     1 |     1 ||     4
       Apportation       |       |       |       |       |       |       |     1 |       |       ||     1
       Summon Forest     |       |       |       |       |       |       |       |    20 |    13 ||    33
       Ring of Flames    |       |       |       |       |       |       |       |       |     7 ||     7
       Ignition          |       |       |       |       |       |       |       |       |     8 ||     8
Invok: Bend Time         |       |       |       |       |     1 |       |       |       |       ||     1
       Slouch            |       |       |       |       |     2 |     1 |       |       |     2 ||     5
 Abil: Cancel Portal Pro |       |       |       |       |       |       |     2 |     2 |     1 ||     5
       Stop Flying       |       |       |       |       |       |       |     1 |     1 |       ||     2
       Evoke Flight      |       |       |       |       |       |       |       |     1 |     1 ||     2
Evoke: Wand              |       |       |       |     8 |    14 |    19 |     1 |       |     2 ||    44
       Lamp of fire      |       |       |       |       |       |     1 |     1 |       |       ||     2
       Sack of spiders   |       |       |       |       |       |       |     2 |       |       ||     2
       Box of beasts     |       |       |       |       |       |       |       |     1 |       ||     1
  Use: Scroll            |       |    10 |     8 |     6 |    14 |     3 |    16 |    12 |     6 ||    75
       Potion            |       |       |       |     1 |     2 |     1 |       |     5 |       ||     9
 Stab: Sleeping          |     6 |     8 |     7 |       |     7 |     2 |     7 |     3 |     9 ||    49
       Distracted        |       |     1 |       |     1 |    18 |    21 |    35 |    35 |    15 ||   126
       Confused          |       |       |       |     4 |    21 |     3 |       |       |     1 ||    29
       Paralysed         |       |       |       |       |    11 |       |       |       |       ||    11
  Eat: Chunk             |     1 |     8 |     7 |    11 |    21 |    16 |    23 |    17 |    14 ||   118
       Ration            |       |       |     1 |     1 |     3 |     2 |     1 |     1 |     4 ||    13
Armor: Robe              |    18 |    25 |       |       |       |       |       |       |       ||    43
       Ring mail         |       |     7 |    78 |       |       |       |       |       |       ||    85
       Chain mail        |       |       |   177 |    87 |       |       |       |       |       ||   264
       Plate armour      |       |       |       |   113 |   330 |   698 |    94 |    29 |       ||  1264
       Skin              |       |       |       |       |       |       |   131 |   182 |   371 ||   684
       Gold dragon scale |       |       |       |       |       |       |       |   293 |   296 ||   589
Dodge: Dodged            |    64 |   133 |   411 |   405 |   372 |   848 |   546 |   967 |  1624 ||  5370
Block: Large shield      |       |       |       |    85 |  1535 |   148 |       |       |       ||  1768
       Reflection        |       |       |       |       |    45 |    19 |    13 |    30 |    43 ||   150
       Shield            |       |       |       |       |       |  1258 |   738 |  1076 |  1920 ||  4992
       Rpst.: Scimitar   |       |       |       |       |     3 |    12 |       |       |       ||    15

Table legend:
 A = Spawn XP
 B = Non-spawn XP
 C = Spawn XP percentage of total XP
 D = Spawn monster count
 E = Non-spawn monster count
 F = Spawn count percentage of total count
 G = Total turns spent on level
                    A         B        C        D         E        F      G
               +---------+---------+-------+---------+---------+-------+---------
         Total |       0 | 1473349 |   0.0 |       0 |    2641 |   0.0 | 82200
               +---------+---------+-------+---------+---------+-------+---------
           D:1 |       0 |      46 |   0.0 |       0 |      34 |   0.0 |  1347
           D:2 |       0 |      71 |   0.0 |       0 |      29 |   0.0 |   816
           D:3 |       0 |     987 |   0.0 |       0 |      39 |   0.0 |  1963
           D:4 |       0 |     278 |   0.0 |       0 |      16 |   0.0 |  1120
           D:5 |       0 |     592 |   0.0 |       0 |      12 |   0.0 |  1180
           D:6 |       0 |     847 |   0.0 |       0 |      17 |   0.0 |  1125
           D:7 |       0 |    1100 |   0.0 |       0 |      31 |   0.0 |   828
           D:8 |       0 |     793 |   0.0 |       0 |      16 |   0.0 |   771
           D:9 |       0 |    3544 |   0.0 |       0 |      28 |   0.0 |  1882
          D:10 |       0 |    5581 |   0.0 |       0 |      51 |   0.0 |  2361
          D:11 |       0 |   12529 |   0.0 |       0 |      46 |   0.0 |  2401
          D:12 |       0 |    5092 |   0.0 |       0 |      18 |   0.0 |   799
          D:13 |       0 |    6875 |   0.0 |       0 |      28 |   0.0 |  1111
          D:14 |       0 |   17616 |   0.0 |       0 |      57 |   0.0 |  2313
          D:15 |       0 |   14221 |   0.0 |       0 |      42 |   0.0 |  1356
        Lair:1 |       0 |    2989 |   0.0 |       0 |      10 |   0.0 |  1506
        Lair:2 |       0 |    5683 |   0.0 |       0 |      17 |   0.0 |  1923
        Lair:3 |       0 |   10802 |   0.0 |       0 |      27 |   0.0 |  2394
        Lair:4 |       0 |    5844 |   0.0 |       0 |      28 |   0.0 |  2260
        Lair:5 |       0 |    3699 |   0.0 |       0 |      13 |   0.0 |   836
        Lair:6 |       0 |   22150 |   0.0 |       0 |      79 |   0.0 |  2164
       Swamp:1 |       0 |   16181 |   0.0 |       0 |      34 |   0.0 |  1227
       Swamp:2 |       0 |   17535 |   0.0 |       0 |      37 |   0.0 |  1104
       Swamp:3 |       0 |   12070 |   0.0 |       0 |      33 |   0.0 |   902
       Swamp:4 |       0 |   30039 |   0.0 |       0 |      62 |   0.0 |  1822
      Spider:1 |       0 |   22438 |   0.0 |       0 |      74 |   0.0 |  1921
      Spider:2 |       0 |   16947 |   0.0 |       0 |      45 |   0.0 |  1535
      Spider:3 |       0 |   18932 |   0.0 |       0 |      53 |   0.0 |  1835
      Spider:4 |       0 |   43793 |   0.0 |       0 |     100 |   0.0 |  2933
         Orc:1 |       0 |    3803 |   0.0 |       0 |      36 |   0.0 |  1727
         Orc:2 |       0 |   13575 |   0.0 |       0 |      84 |   0.0 |  2425
         Elf:1 |       0 |   22541 |   0.0 |       0 |      39 |   0.0 |  1520
         Elf:2 |       0 |   38544 |   0.0 |       0 |      57 |   0.0 |  1767
         Elf:3 |       0 |   51214 |   0.0 |       0 |      51 |   0.0 |  2135
      Vaults:1 |       0 |   41908 |   0.0 |       0 |      63 |   0.0 |  1517
      Vaults:2 |       0 |   42648 |   0.0 |       0 |      54 |   0.0 |  1888
      Vaults:3 |       0 |   37890 |   0.0 |       0 |      51 |   0.0 |  1848
      Vaults:4 |       0 |   43207 |   0.0 |       0 |      76 |   0.0 |  1396
      Vaults:5 |       0 |  142909 |   0.0 |       0 |     142 |   0.0 |  2296
       Crypt:1 |       0 |   28322 |   0.0 |       0 |      49 |   0.0 |   743
       Crypt:2 |       0 |   40264 |   0.0 |       0 |      64 |   0.0 |  1091
       Crypt:3 |       0 |   81333 |   0.0 |       0 |     124 |   0.0 |  1248
        Tomb:1 |       0 |  126374 |   0.0 |       0 |      87 |   0.0 |  1834
        Tomb:2 |       0 |   48557 |   0.0 |       0 |      54 |   0.0 |   719
      Depths:1 |       0 |   19678 |   0.0 |       0 |      29 |   0.0 |  1683
      Depths:2 |       0 |   43177 |   0.0 |       0 |      54 |   0.0 |  1097
      Depths:3 |       0 |  152810 |   0.0 |       0 |     149 |   0.0 |  2297
      Depths:4 |       0 |   91631 |   0.0 |       0 |     104 |   0.0 |  1952
      Depths:5 |       0 |   76797 |   0.0 |       0 |      72 |   0.0 |  1776
           Lab |       0 |    1261 |   0.0 |       0 |       1 |   0.0 |   645
       Ossuary |       0 |     207 |   0.0 |       0 |      57 |   0.0 |   883
        Bailey |       0 |    1740 |   0.0 |       0 |      19 |   0.0 |   794
        WizLab |       0 |   23685 |   0.0 |       0 |      49 |   0.0 |   798
               +---------+---------+-------+---------+---------+-------+---------
